 Dungeon Crawl Stone Soup version 0.28.0 (webtiles) character file.

Game seed: 10101949249618553217

74 willcat the Skirmisher (level 4, -3/35 HPs)
             Began as a Djinni Cinder Acolyte on Feb 4, 2022.
             Was a High Priest of Ignis.
             Slain by a gnoll (18 damage)
             ... on level 2 of the Dungeon.
             The game lasted 00:01:14 (1846 turns).

willcat the Skirmisher (Djinni Cinder Acolyte)      Turns: 1846, Time: 00:01:15

Health: -3/35      AC:  2    Str: 13    XL:     4   Next: 52%
Gold:   69         EV: 12    Int: 15    God:    Ignis [*****.] SH:  0 Dex: 11

rFire   + + +      SeeInvis .   a - -1 falchion (flame)
rCold   x . .      Faith    .   (no shield)
rNeg    . . .      Spirit   .   b - +0 robe
rPois   ∞          Reflect  .   (no helmet)
rElec   .          Harm     .   (no cloak)
rCorr   .          Rampage  .   (no gloves)
Will    .....                   (boots unavailable)
Stlth   +.........              (no amulet)
HPRegen 0.11/turn               (no ring)
MPRegen 0.00/turn               (no ring)

@: flying
A: sickness immunity, fire resistance 2, cold vulnerability 1, float, innate
caster, HP casting, extra vitality 1
a: Renounce Religion, Fiery Armour, Foxfire Swarm, Rising Flame


You were on level 2 of the Dungeon.
You worshipped Ignis.
Ignis was extremely pleased with you.
You visited 1 branch of the dungeon, and saw 2 of its levels.

You collected 69 gold pieces.

Inventory:

Hand Weapons
 a - a -1 falchion of flaming (weapon)
Armour
 b - a +0 robe (worn)
Scrolls
 c - a scroll of blinking {unknown}
 d - a scroll of teleportation {unknown}
 e - a scroll of summoning {unknown}
 f - a scroll of fog {unknown}
Potions
 g - a potion of heal wounds {unknown}


   Skills:
 + Level 3.5 Fighting
 + Level 3.2 Long Blades
 - Level 1.0 Armour
 + Level 1.6 Dodging
 + Level 2.8 Spellcasting


You had 5 spell levels left.
You knew the following spells:

 Your Spells              Type           Power      Damage    Failure   Level
a - Scorch                Fire           20%        2d6       10%         2
b - Shock                 Conj/Air       40%        1d5       6%          1
Your spell library was empty.

Dungeon Overview and Level Annotations

Branches:
Dungeon (2/15)

Altars:


Innate Abilities, Weirdness & Mutations

You are immune to sickness and miasma.
You are immune to poison.
Your flesh is very heat resistant. (rF++)
You are vulnerable to cold. (rC-)
You float through the air rather than walking.
You learn spells naturally, not from books.
Your magical power is your life essence.
You have superior vitality. (+4 MHP)


Message History

The adder is severely wounded.
The adder's fire resistance burns away.
The adder barely misses you.
Casting: Scorch (safe; 10% risk of failure)
Confirm with . or Enter, or press ? or * to list all spells.
Flames lash the adder.
The adder is burned terribly!
You kill the adder!
Unknown command.
Found an escape hatch in the ceiling.
No target in view!
There is an escape hatch in the ceiling here.
A rat and a gnoll come into view.
The gnoll is wielding a +1 whip of electrocution.
Found a stone staircase leading up. 2 gnolls come into view.
The gnoll shouts! x2; You hear a shout!
The rat twitches its whiskers.
There are monsters nearby!
There are monsters nearby!
The gnoll hits you with a +1 whip of electrocution.
There are monsters nearby!
Casting: Scorch (safe; 10% risk of failure)
Confirm with . or Enter, or press ? or * to list all spells.
Flames lash the gnoll.
The gnoll is heavily wounded.
The gnoll's fire resistance burns away.
The gnoll hits you with a +1 whip of electrocution.
Unknown command.
Casting: Scorch (safe; 10% risk of failure)
Confirm with . or Enter, or press ? or * to list all spells.
Flames lash the gnoll.
The gnoll is almost dead.
The gnoll's fire resistance burns away.
The gnoll hits you with a +1 whip of electrocution.
Unknown command.
You hit the gnoll but do no damage.
The gnoll is almost dead.
The gnoll hits you with a +1 whip of electrocution.
You are electrocuted!!
Ouch! That really hurt!
You die...

#.##.#
#.#
.....#
######.#
..##.#
#.....<#
.###.#
#.######
. #.# #.#
. .# #.#
#.#
#.#####
#..@gr#
#####.#
#.# #.#
......gg#
.#####..#
#..# #...
#..#


You could see a gnoll (combustible) and a rat.

Vanquished Creatures
  4 adders (D:2)
  A worm (D:2)
  A ball python (D:1)
  6 bats
  6 endoplasms (D:1)
  2 goblins
  A hobgoblin (D:1)
  4 jackals (D:1)
  4 frilled lizards
  2 kobolds (D:1)
  2 rats
33 creatures vanquished.

Notes
Turn   | Place    | Note
-------+----------+-------------------------------------------
     0 | D:1      | willcat the Djinni Cinder Acolyte began the quest for the
                  | Orb.
     0 | D:1      | Reached XP level 1. HP: 20/20 MP: 0/0
   158 | D:1      | Reached XP level 2. HP: 11/25 MP: 0/0
   825 | D:1      | Reached XP level 3. HP: 27/30 MP: 0/0
   825 | D:1      | Learned a level 1 spell: Shock
   831 | D:1      | Reached skill level 1 in Dodging
  1071 | D:1      | Reached skill level 1 in Armour
  1549 | D:2      | Reached XP level 4. HP: 27/35 MP: 0/0
  1846 | D:2      | Slain by a gnoll

Illustrated notes

Levels and vault maps discovered:
D:1:      amcnicky_arrival_flooded_fountain, layout_loops_ring,
          minmay_tetromino_t4
D:2:      layout_loops_ring, hellmonk_ecumenical_altar_leap_of_faith

Skill      XL: |  1  2  3 |
---------------+----------+-----
Dodging        | 1 |  1.6
Armour         | 1 |  1.0
Long Blades    | 3 |  3.2
Fighting       | |  3.5
Spellcasting   | |  2.8

Action                   |  1- 3 |  4- 6 || total
-------------------------+-------+-------++-------
Melee: Falchion          |    66 |    16 ||    82
       Punch             |     1 |       ||     1
 Cast: Scorch            |     8 |     5 ||    13
Armor: Robe              |    18 |    10 ||    28
Dodge: Dodged            |    41 |    20 ||    61
